 Dungeon Crawl Stone Soup version 0.25-a0-731-g0472a16d6a (webtiles) character file.

Game seed: 13049092400229482575, levelgen mode: deterministic

294 Brecoman the Conjurer (level 6, -1/47 HPs)
             Began as a Demonspawn Conjurer on Apr 8, 2020.
             Was an Initiate of Nemelex Xobeh.
             Slain by an orc priest (5 damage)
             ... on level 4 of the Dungeon.
             The game lasted 00:21:23 (4417 turns).

Brecoman the Conjurer (Demonspawn Conjurer)         Turns: 4417, Time: 00:21:24

Health: -1/47      AC:  5    Str:  9    XL:     6   Next: 11%
Magic:  10/11      EV: 12    Int: 18    God:    Nemelex Xobeh [......]
Gold:   185        SH:  0    Dex: 13    Spells: 9/12 levels left

rFire    . . .     SeeInvis .   b - +2 dagger (vamp)
rCold    . . .     Gourm    .   (no shield)
rNeg     . . .     Faith    .   n - +0 robe
rPois    .         Spirit   .   (no helmet)
rElec    .         Reflect  .   (no cloak)
rCorr    .         Harm     .   j - +0 pair of gloves (curse)
MR       .....                  (no boots)
Stlth    +++.......             (no amulet)
HPRegen  0.15/turn              (no ring)
MPRegen  0.12/turn              (no ring)

@: no status effects
A: icy blue scales 1, nightstalker 1
a: Draw Escape, Draw Destruction, Draw Summoning, Renounce Religion


You were on level 4 of the Dungeon.
You worshipped Nemelex Xobeh.
Nemelex Xobeh was noncommittal.
You were not hungry.

You visited 1 branch of the dungeon, and saw 4 of its levels.

You collected 185 gold pieces.

Inventory:

Hand Weapons
 a - a +3 hunting sling
 b - a +2 vampiric dagger (weapon)
Missiles
 f - 23 sling bullets
 g - 19 poisoned darts (quivered)
 t - 99 stones
Armour
 j - a cursed +0 pair of gloves (worn)
 n - a +0 robe (worn)
Wands
 w - a wand of digging (4)
Scrolls
 l - 2 scrolls of enchant armour {unknown}
 m - 2 scrolls of remove curse
 q - 2 scrolls of teleportation
 r - a scroll of amnesia
 s - a scroll of immolation
 u - a scroll of magic mapping
Potions
 d - 2 potions of cancellation
 e - 3 potions of mutation
 i - a potion of curing {unknown}
 k - 4 potions of stabbing
 o - 3 potions of might
 p - a potion of magic {unknown}
Comestibles
 c - 2 rations
 h - 5 chunks of flesh


   Skills:
 + Level 3.1 Fighting
 - Level 1.7 Dodging
 + Level 2.5 Stealth
 + Level 3.6 Spellcasting
 + Level 5.2 Conjurations


You had 9 spell levels left.
You knew the following spells:

 Your Spells              Type           Power        Failure   Level  Hunger
a - Magic Dart            Conj           ###.         1%          1    None
b - Searing Ray           Conj           ###...       2%          2    ##.....

Your spell library contained the following spells:

 Spells                   Type           Power        Failure   Level  Hunger
 Dazzling Flash           Conj/Hex       ##....       16%         3    ###....
 Fulminant Prism          Conj/Hex       ##........   45%         4    ####...
 Iskenderun's Mystic Bla  Conj/Tloc      ##......     45%         4    ####...


Dungeon Overview and Level Annotations

Branches:
Dungeon (4/15)
 Temple: D:4-7

Altars:
Ashenzari
Elyvilon
Gozag
Nemelex Xobeh

Shops:
D:4 ?![

Annotations:
D:2 Sigmund
D:4 Dowan


Innate Abilities, Weirdness & Mutations

You are partially covered in icy blue scales. (AC +2)
You are slightly more attuned to the shadows.


Message History

You kneel at the altar of Nemelex Xobeh.
Nemelex Xobeh welcomes you!
You can now draw from decks of power.
The orc priest mumbles some strange prayers to Beogh against you.
Beogh smites you!
* * * LOW HITPOINT WARNING * * *
You open the door.
There is an open door here.
A worker ant comes into view.
You hit the orc priest.
The orc priest is lightly wounded.
The orc priest closely misses you.
You barely miss the orc priest.
The orc priest is lightly wounded.
The orc priest misses you.
You closely miss the orc priest.
The orc priest is lightly wounded.
The orc priest hits you.
You die...
Your body disappears without a glow.

***.########.....#..#*****,**,*
*,,,........o###....# *,**,*
*,*,*##..#..##.##...# *,**,*
*,*,* ##...##...##..## *,**,*
**,*,**##..##^._..##o.## *,**,*
,>,,,,*#..##^.^^...##..# *,**,*
*****,*#.##^...o....##.# *,**,*
*,*#.#...#####...#)# *,**,*
*,*#.##.'#.#@#'^##(# *,**,*
*****,*#..###..#.o###.(#***,**,**
,,,,,,*#......###.....##*,*,**,,*
****.....##......a...##*,,,,***,*
*,......+.........+..,,,,,,,,,,
**#....###.........####,,,,**,**
*,...#.,*##........# **,*,**,*
*,#####+**##.....#.# ***,**,**
**,* *,,,,,**#...##.# *,,,,,,,*


You could see a worker ant and an orc priest.

Vanquished Creatures
  Blork the orc (D:4)
  A bullfrog zombie (D:4)
  An orc wizard (D:4)
  A worker ant (D:4)
  Robin (D:3)
  4 adders
  A worm (D:3)
  A dart slug (D:1)
  4 leopard geckos
  3 orcs
  3 bats
  3 giant cockroaches
  13 goblins
  7 hobgoblins
  18 jackals
  A ball python (D:2)
  3 frilled lizards
  7 kobolds
  6 rats
79 creatures vanquished.

Notes
Turn   | Place    | Note
-------+----------+-------------------------------------------
     0 | D:1      | Brecoman the Demonspawn Conjurer began the quest for the
                  | Orb.
     0 | D:1      | Reached XP level 1. HP: 13/13 MP: 3/3
   389 | D:1      | Gained mutation: You are partially covered in icy blue
                  | scales. (AC +2) [demonic ancestry]
   389 | D:1      | Reached XP level 2. HP: 20/20 MP: 0/5
   597 | D:1      | Reached skill level 1 in Fighting
   797 | D:1      | Learned a level 2 spell: Searing Ray
  1245 | D:2      | Noticed Sigmund
  1762 | D:2      | Reached XP level 3. HP: 24/26 MP: 2/6
  2033 | D:2      | Found an opulent altar of Gozag.
  2436 | D:3      | Found a shattered altar of Ashenzari.
  2455 | D:3      | Reached XP level 4. HP: 33/33 MP: 2/8
  2617 | D:3      | Found a white marble altar of Elyvilon.
  2843 | D:2      | HP: 1/33 [Sigmund/+0 scythe (6)]
  3167 | D:3      | Noticed Robin
  3223 | D:3      | Killed Robin
  3650 | D:4      | Found Futraq's Armour Boutique.
  3682 | D:4      | Gained mutation: You are slightly more attuned to the
                  | shadows. [demonic ancestry]
  3682 | D:4      | Reached XP level 5. HP: 14/39 MP: 2/9
  3938 | D:4      | Noticed Dowan
  4001 | D:4      | Reached skill level 5 in Conjurations
  4268 | D:4      | Found Efalie's Distillery.
  4292 | D:4      | Found Siju's Magic Scroll Emporium.
  4336 | D:4      | Noticed Blork the orc
  4355 | D:4      | Killed Blork the orc
  4355 | D:4      | Reached XP level 6. HP: 5/47 MP: 2/11
  4398 | D:4      | Found a sparkling altar of Nemelex Xobeh.
  4405 | D:4      | Became a worshipper of Nemelex Xobeh the Trickster
  4417 | D:4      | Slain by an orc priest

Levels and vault maps discovered:
D:1:      minmay_arrival_shattered_statue, layout_loops_ring
D:2:      layout_loops_cross, grunt_gozag_statues, uniq_sigmund
D:3:      layout_rooms, elyvilon_altar_3, cheibrodos_ashenzari_chains,
          uniq_robin
D:4:      layout_loops_corners, zin_treasury, first_ration, serial_shops, shop,
          shop, shop, nicolae_shop_trees, nicolae_shop_stone,
          nemelex_spade_bored_becter, uniq_blork_the_orc, uniq_duvessa

Skill      XL: |  1  2  3  4  5 |
---------------+----------------+-----
Fighting       | 1 2 3 |  3.1
Spellcasting   | 3 |  3.6
Stealth        | 2 |  2.5
Conjurations   | 5 |  5.2
Dodging        | |  1.7

Action                   |  1- 3 |  4- 6 || total
-------------------------+-------+-------++-------
Melee: Dagger            |    30 |    74 ||   104
       Whip              |     2 |       ||     2
 Fire: Hunting sling     |    13 |    49 ||    62
Throw: Stone             |     1 |       ||     1
 Cast: Magic Dart        |    84 |    22 ||   106
       Searing Ray       |     2 |     5 ||     7
  Use: Scroll            |       |    12 ||    12
  Eat: Chunk             |     5 |     4 ||     9
       Ration            |       |     1 ||     1
Armor: Robe              |    20 |    46 ||    66
Dodge: Dodged            |    42 |   123 ||   165

Table legend:
 A = Non-vault XP
 B = Vault XP
 C = Vault XP percentage of total XP
 D = Non-vault monster count
 E = Vault monster count
 F = Vault count percentage of total count
                 A         B        C        D         E       F
            +---------+---------+-------+---------+---------+-------
      Total |     284 |     136 |  32.4 |      66 |      13 |  16.5
            +---------+---------+-------+---------+---------+-------
        D:1 |      31 |       0 |   0.0 |      15 |       0 |   0.0
        D:2 |      47 |       0 |   0.0 |      15 |       0 |   0.0
        D:3 |      70 |      37 |  34.6 |      30 |      12 |  28.6
        D:4 |     136 |      99 |  42.1 |       6 |       1 |  14.3
            +---------+---------+-------+---------+---------+-------
